 Dungeon Crawl Stone Soup version 0.28.0-47-ge53b351184 (webtiles) character file.

Game seed: 7668940991044191701

39 pkoi the Chiller (level 3, 0/26 HPs)
             Began as a Demigod Ice Elementalist on May 8, 2022.
             Killed from afar by Natasha (15 damage)
             ... with a puff of flame
             ... on level 2 of the Dungeon.
             The game lasted 00:01:37 (1453 turns).

pkoi the Chiller (Demigod Ice Elementalist)         Turns: 1453, Time: 00:01:38

Health: 0/26       AC:  2    Str:  9    XL:     3   Next: 11%
Magic:  9/9        EV: 12    Int: 21    God:
Gold:   50         SH:  0    Dex: 14    Spells: 5/6 levels left

rFire   . . .      SeeInvis .   f - +0 short sword
rCold   . . .      Faith    .   (no shield)
rNeg    . . .      Spirit   .   a - +0 robe
rPois   .          Reflect  .   (no helmet)
rElec   .          Harm     .   (no cloak)
rCorr   .          Rampage  .   (no gloves)
Will    .....                   (no boots)
Stlth   ++........              (no amulet)
HPRegen 0.08/turn               (no ring)
MPRegen 0.11/turn               (no ring)

@: slowed, very slow
A: high MP 1, forlorn, divine attributes
a: no special abilities


You were on level 2 of the Dungeon.
You visited 1 branch of the dungeon, and saw 2 of its levels.

You collected 50 gold pieces.

Inventory:

Hand Weapons
 d - a +0 club
 f - a +0 short sword (weapon)
Armour
 a - a +0 robe (worn)


   Skills:
 - Level 1.7 Dodging
 - Level 1.7 Stealth
 + Level 2.2 Spellcasting
 * Level 4.4 Ice Magic


You had 5 spell levels left.
You knew the following spells:

 Your Spells              Type           Power      Damage    Failure   Level
a - Freeze                Ice            80%        1d9       2%          1

Your spell library contained the following spells:

 Spells                   Type           Power      Damage    Failure   Level
 Frozen Ramparts          Ice            40%        1d6       7%          3
 Ozocubu's Armour         Ice            20%        N/A       7%          3
 Stone Arrow              Conj/Erth      4%         3d7       41%         3
 Hailstorm                Conj/Ice       11%        3d5       50%         4
 Animate Armour           Summ/Erth      4%         N/A       82%         4
 Lehudib's Crystal Spear  Conj/Erth      1%         10d2      100%        8


Dungeon Overview and Level Annotations

Branches:
Dungeon (2/15)

Shops:
D:1 *

Annotations:
D:2 Natasha


Innate Abilities, Weirdness & Mutations

You have an increased reservoir of magic. (+10% MP)
You shall have no god before yourself.
Your divine heritage dramatically boosts your attributes as you level up.


Message History

You float gracefully downwards.
You start resting.
Magic restored.
You start resting.
HP restored.
You start waiting.
Done waiting.
You see here an adder skeleton.
Things that are here:
a +0 short sword; a stone An endoplasm and Natasha come into view.
Natasha is carrying a wand of flame (15).
Found a stone staircase leading down.
The endoplasm quivers.
Things that are here:
a +0 short sword; a stone You start waiting.
An endoplasm is nearby!
Natasha hisses angrily.
You hit the endoplasm.
The endoplasm is heavily wounded.
The endoplasm misses you.
You hit the endoplasm.
The endoplasm is almost dead.
The endoplasm freezes you.
You are frozen.
The endoplasm barely misses you.
You hit the endoplasm but do no damage.
The endoplasm is almost dead.
The endoplasm freezes you.
You are frozen.
* * * LOW HITPOINT WARNING * * *
You hit the endoplasm.
You kill the endoplasm!
Natasha stares at you and mumbles some strange words.
You feel yourself slow down. Natasha claws you.
* * * LOW HITPOINT WARNING * * *
Natasha zaps a wand.
The puff of flame hits you!
Ouch! That really hurt!
You die...

#.#.###. #.##.......
#.......... .........
..>....#+#
#h.##.#(################
#####..#..)........รท........
..........#h###############.
..........#@# #.
.....J....#.# #.
.....#(...#.# #. ....
#.[..#.# #. '## #...##.# #.
........ #. ..#..##.# #.
...'...#.# #. ...##..#.. #.


You could see Natasha.

Vanquished Creatures
  2 adders (D:2)
  A dart slug (D:2)
  4 ball pythons (D:1)
  An endoplasm (D:2)
  2 giant cockroaches
  A goblin (D:2)
  A hobgoblin (D:1)
  3 kobolds
  2 frilled lizards (D:1)
  2 rats (D:1)
19 creatures vanquished.

Notes
Turn   | Place    | Note
-------+----------+-------------------------------------------
     0 | D:1      | pkoi the Demigod Ice Elementalist began the quest for the
                  | Orb.
     0 | D:1      | Reached XP level 1. HP: 14/14 MP: 5/5
   472 | D:1      | Found Retu Fia's General Store.
   501 | D:1      | Reached skill level 4 in Ice Magic
   501 | D:1      | Reached XP level 2. HP: 6/20 MP: 0/7
  1073 | D:2      | HP: 1/20 [giant cockroach (1)]
  1086 | D:2      | Reached XP level 3. HP: 10/26 MP: 1/9
  1437 | D:2      | Noticed Natasha
  1453 | D:2      | Killed from afar by Natasha

Illustrated notes

Levels and vault maps discovered:
D:1:      wander_arrival_peaceful_grave, layout_basic,
          shapermc_ecumenical_altar_hornbeckon, serial_shops, shop
D:2:      layout_basic, minmay_pentomino_v4, uniq_natasha

Skill      XL: |  1 |
---------------+----+-----
Spellcasting   | 2 |  2.2
Ice Magic      | 4 |  4.4
Dodging        | |  1.7
Stealth        | |  1.7

Action                   || total
-------------------------++-------
Melee: Unarmed           ||    14
       Short sword       ||    13
 Cast: Freeze            ||    34
  Use: Scroll            ||     2
       Potion            ||     2
Armor: Robe              ||    17
Dodge: Dodged            ||    30
